 Dungeon Crawl Stone Soup version 0.15.2 (webtiles) character file.

740 GhostOklob the Basher (level 7, 0/61 HPs)
             Began as a Deep Dwarf Berserker on Nov 7, 2015.
             Was a Priest of Trog.
             Slain by a kobold (2 damage)
             ... on Level 6 of the Dungeon.
             The game lasted 00:07:52 (4109 turns).

GhostOklob the Basher (Deep Dwarf Berserker)        Turns: 4109, Time: 00:07:52

HP   0/61        AC  0     Str 20      XL: 7   Next: 46%
MP   3/3         EV 12     Int  8      God: Trog [***...]
Gold 161         SH  0     Dex 14      Spells:  0 memorised,  6 levels left

rFire  . . .     SeeInvis .     x - +0 blowgun
rCold  . . .     Clarity  .     (no armour)
rNeg   . . .     rCorr    .     (no shield)
rPois  .         rRot     .     (no helmet)
rElec  .         Spirit   .     (no cloak)
SustAb .         Warding  .     (no gloves)
rMut   .         Stasis   .     (no boots)
Gourm  .                        (no amulet)
MR     +....                    (no ring)
                                (no ring)

@: non-regenerating, somewhat resistant to hostile enchantments, very unstealthy
A: damage resistance, recharge devices, sense surroundings 1, slow healing 3
a: Device Recharging, Burn Spellbooks, Berserk, Trog's Hand, Renounce Religion


You were on level 6 of the Dungeon.
You worshipped Trog.
Trog was most pleased with you.
You were near starving.

You visited 1 branch of the dungeon, and saw 6 of its levels.

You collected 161 gold pieces.


Innate Abilities, Weirdness & Mutations

You are resistant to damage.
You can recharge devices by infusing magical energy.
You passively map a small area around you.
You do not heal naturally.


   Skills:
 + Level 2.6 Fighting
   Level 8.9 Maces & Flails
 - Level 2.1 Armour
 - Level 2.1 Dodging


You had 6 spell levels left.
You didn't know any spells.

Inventory:

Hand weapons
 x - a +0 blowgun (weapon)
Magical devices
 c - a wand of heal wounds (4) {!d@v2}
 y - a wand of magic darts (8)
 B - a wand of lightning (1) {unknown}
Comestibles
 d - 2 bread rations
Scrolls
 g - 4 scrolls of enchant weapon {unknown}
 k - 2 scrolls of fog {unknown}
 l - a scroll of remove curse {unknown}
 m - 4 scrolls of teleportation {unknown}
 n - 5 scrolls of identify {unknown}
 p - a scroll of enchant armour {unknown}
 r - a scroll of fear {unknown}
 w - 2 scrolls of amnesia {unknown}
 A - a scroll of random uselessness {unknown}
Potions
 h - 6 potions of curing {unknown}
 o - a potion of might {unknown}
 s - a potion of confusion {unknown}
 u - a potion of berserk rage {unknown}
 v - 2 potions of agility {unknown}

Dungeon Overview and Level Annotations

Branches:
Dungeon (6/15)
 Temple: D:4-7

Altars:
Nemelex Xobeh

,,... * ###
.......* ... .....
* #.# ..... * #.#
..., #.# ..., #
#.# #.# * # #)#
#K# # #.# #g# ##
#####.### #.#
.#####.......# #.#
..##.........# #.#
#..#.#.......# #.#
......<......# #.#
..####.......# #.#
.)# #.>....[# #.#
..####.....>.###.#


You could see a kobold.


Message History

You swing at nothing.
The kobold hits you.
You swing at nothing.
The kobold hits you. The kobold hits you.
* * * LOW HITPOINT WARNING * * *
You swing at nothing.
The kobold barely misses you.
You swing at nothing.
The kobold closely misses you. The kobold hits you.
* * * LOW HITPOINT WARNING * * *
You swing at nothing.
The kobold barely misses you.
You swing at nothing.
The kobold closely misses you. The kobold barely misses you.
You swing at nothing.
The kobold misses you.
You swing at nothing.
The kobold barely misses you. The kobold hits you.
You swing at nothing.
The kobold barely misses you.
You swing at nothing.
The kobold hits you.
* * * LOW HITPOINT WARNING * * *
The kobold hits you.
You swing at nothing.
The kobold hits you.
* * * LOW HITPOINT WARNING * * *
You swing at nothing.
The kobold hits you. The kobold closely misses you.
You swing at nothing.
The kobold barely misses you.
You swing at nothing.
The kobold closely misses you. The kobold closely misses you.
You swing at nothing.
The kobold barely misses you.
You swing at nothing.
The kobold barely misses you. The kobold hits you.
You swing at nothing.
The kobold closely misses you.
You swing at nothing.
The kobold barely misses you. The kobold hits you.
* * * LOW HITPOINT WARNING * * *
You swing at nothing.
The kobold hits you.
* * * LOW HITPOINT WARNING * * *
You swing at nothing.
The kobold misses you. The kobold hits you.
You die...

Action                   |  1- 3 |  4- 6 |  7- 9 || total
-------------------------+-------+-------+-------++-------
Melee: Mace              |    99 |   232 |    95 ||   426
Invok: Berserk           |     1 |     2 |     1 ||     4
       Trog's Hand       |       |     2 |     1 ||     3
 Abil: Device Recharging |       |     3 |     1 ||     4
Evoke: Wand              |     5 |     8 |     3 ||    16
  Eat: Chunk             |     1 |     1 |     4 ||     6
       Beef jerky        |       |     1 |     1 ||     2
       Meat ration       |       |     1 |       ||     1

Vault maps used:
D:1:      onia_arrival_pyramid, st_stairs_9
D:2:      lemuel_upstairs_altar
D:3:      first_bread
D:4:      nemelex_deck
D:5:      minmay_temple_entry_butterflies, serial_shops, shop_statue
D:6:      lemuel_coloured_pillars_altar, st_stairs_10

Notes
Turn   | Place    | Note
--------------------------------------------------------------
     0 | D:1      | GhostOklob, the Deep Dwarf Berserker, began the quest for the Orb.
     0 | D:1      | Reached XP level 1. HP: 20/20 MP: 1/1
   209 | D:1      | Reached XP level 2. HP: 25/27 MP: 2/2
   750 | D:2      | Acquired Trog's second power
   750 | D:2      | Reached skill level 4 in Maces & Flails
   754 | D:2      | Reached XP level 3. HP: 33/33 MP: 3/3
   968 | D:2      | Reached XP level 4. HP: 40/40 MP: 4/4
  1078 | D:2      | Reached skill level 5 in Maces & Flails
  1449 | D:4      | Reached XP level 5. HP: 33/46 MP: 5/5
  1760 | D:4      | Found a sparkling altar of Nemelex Xobeh.
  2257 | D:5      | Entered Level 5 of the Dungeon
  2312 | D:5      | Reached skill level 6 in Maces & Flails
  2401 | D:6      | Noticed an orc warrior
  2506 | D:6      | Killed an orc warrior
  2506 | D:6      | Reached skill level 7 in Maces & Flails
  2506 | D:6      | Reached XP level 6. HP: 55/55 MP: 3/3
  2618 | D:6      | Noticed a phantom
  2624 | D:6      | Noticed a phantom
  2698 | D:6      | Killed a phantom
  2804 | D:6      | Killed a phantom
  2804 | D:6      | Reached skill level 8 in Maces & Flails
  2804 | D:6      | Reached XP level 7. HP: 41/61 MP: 4/4
  3132 | D:6      | Noticed an ice beast
  3158 | D:6      | Killed an ice beast
  4100 | D:6      | HP: 6/61 [kobold (2)]
  4107 | D:6      | HP: 5/61 [kobold (1)]
  4108 | D:6      | HP: 2/61 [kobold (3)]
  4109 | D:6      | Slain by a kobold

Vanquished Creatures
  An ice beast (D:6)
  An orc warrior (D:6)
  2 phantoms (D:6)
  2 goliath beetles (D:6)
  A worker ant (D:6)
  An orc wizard (D:6)
  2 iguanas
  A hound (D:5)
  5 adders
  3 gnolls (D:2)
  A shadow imp (D:6)
  An iguana zombie (D:6)
  4 giant geckos
  8 orcs
  A ball python (D:2)
  A bat zombie (D:6)
  A giant cockroach (D:6)
  5 goblins
  9 hobgoblins
  2 quokkas
  6 bats
  A giant cockroach zombie (D:6)
  5 giant newts
  A gnoll skeleton (D:6)
  2 hobgoblin zombies (D:6)
  8 jackals
  3 jackal zombies (D:6)
  6 kobolds
  An orc zombie (D:6)
  11 rats
96 creatures vanquished.
